 Dungeon Crawl Stone Soup version 0.23-a0-619-g281719c6f9 (webtiles) character file.

1619 Pixllover the Basher (level 8, -11/70 HPs)
             Began as a Minotaur Berserker on Dec 23, 2018.
             Was an Elder of Trog.
             Mangled by an orc warrior
             ... wielding a +0 glaive
              (20 damage)
             ... on level 6 of the Dungeon.
             The game lasted 00:16:53 (4691 turns).

Pixllover the Basher (Minotaur Berserker)           Turns: 4691, Time: 00:16:55

Health: -11/70     AC: 15    Str: 24    XL:     8   Next: 64%
Magic:  7/7        EV: 14    Int:  2    God:    Trog [****..]
Gold:   536        SH:  0    Dex: 10    Spells: 7/7 levels left

rFire    . . .     SeeInvis .   o - +0 morningstar (drain)
rCold    . . .     Gourm    .   (no shield)
rNeg     + . .     Faith    .   l - +2 ring mail {rPois}
rPois    +         Spirit   .   (helmet restricted)
rElec    .         Reflect  .   C - +2 cloak "Varei" {rPois rN+ Regen+ Int-2}
rCorr    .         Harm     .   (no gloves)
MR       .....                  j - +0 pair of boots
Stlth    +.........             e - amulet of magic regeneration
HPRegen  0.61/turn              n - ring of flight
MPRegen  0.35/turn              (no ring)

@: no status effects
A: retaliatory headbutt, horns 2, repulsion field 1, slimy green scales 1, thin
skeletal structure 1, clumsy 1, shaggy fur 1
a: Berserk, Trog's Hand, Brothers in Arms, Renounce Religion, Evoke Flight


You were on level 6 of the Dungeon.
You worshipped Trog.
Trog was greatly pleased with you.
You were not hungry.

You visited 1 branch of the dungeon, and saw 6 of its levels.
You also visited: Ossuary.

You collected 536 gold pieces.

Inventory:

Hand Weapons
 a - a +0 hand axe
 o - a +0 morningstar of draining (weapon)
Armour
 j - a +0 pair of boots (worn)
 l - a +2 ring mail of poison resistance (worn)
 C - the +2 cloak "Varei" (worn) {rPois rN+ Regen+ Int-2}
   (You found it on level 6 of the Dungeon)

   It affects your intelligence (-2).
   It protects you from poison.
   It protects you from negative energy.
   It increases your rate of regeneration.
Jewellery
 e - an amulet of magic regeneration (around neck)
 n - a ring of flight (left hand)
Wands
 w - a wand of polymorph (2)
Scrolls
 f - 3 scrolls of remove curse
 k - 2 scrolls of immolation
 m - 2 scrolls of identify
 p - 3 scrolls of teleportation
 q - 2 scrolls of amnesia {unknown}
 u - a scroll of enchant weapon {unknown}
 x - a scroll of enchant armour {unknown}
 y - a scroll of blinking {unknown}
 A - a scroll of holy word {unknown}
 D - a scroll of fear
Potions
 b - 2 potions of lignification
 d - 3 potions of agility
 g - 3 potions of invisibility
 h - a potion of haste
 i - a potion of ambrosia {unknown}
 s - 3 potions of heal wounds
 t - 2 potions of curing
 v - a potion of might {unknown}
 z - a potion of berserk rage {unknown}
 B - a potion of flight {unknown}
Comestibles
 c - 7 rations
 r - 4 chunks of flesh


   Skills:
 + Level 6.1 Fighting
 + Level 5.8(8.4) Axes
 * Level 9.3(10.0) Maces & Flails
 + Level 5.2 Armour
 + Level 4.0 Dodging
 + Level 0.3 Stealth


You had 7 spell levels left.
You didn't know any spells.
Your spell library was empty.

Dungeon Overview and Level Annotations

Branches:
Dungeon (6/15)
 Temple: D:4-7

Altars:
Kikubaaqudgha
Makhleb
Okawaru
Qazlal
Trog
Wu Jian
The Shining One


Innate Abilities, Weirdness & Mutations

You reflexively headbutt those who attack you in melee.
You have a pair of horns on your head.
You are surrounded by a mild repulsion field. (EV +2)
You are partially covered in slimy green scales. (AC +2)
You have a somewhat thin skeletal structure. (Dex +2, Stealth)
You are clumsy. (Dex -2)
You are covered in fur. (AC +1)


Message History

You kill the orc!
Trog accepts your kill. The orc priest barely misses you.
The orc wizard misses you.
The orc warrior hits you with a +0 glaive!
* * * LOW HITPOINT WARNING * * *
The orc wizard hits you but does no damage.
You closely miss the orc warrior. The orc warrior closely misses you.
You furiously retaliate!
You headbutt the orc warrior.
The orc priest mumbles some strange prayers to Beogh against you.
Pain shoots through your body!
* * * LOW HITPOINT WARNING * * *
The orc wizard hits you but does no damage.
You barely miss the orc warrior.
The orc warrior is lightly wounded.
The orc priest mumbles some strange prayers to Beogh against you.
Pain shoots through your body!
* * * LOW HITPOINT WARNING * * *
The orc wizard hits you but does no damage.
The orc warrior hits you with a +0 glaive!!
You die...

##.............
.........#.........#..
........##....##.#.....
..............##.......
...........#.......#...
......................
#....##.#..........#
.....##......).oo#
#.#.#####.....)o@# ....
#.....)..# ..#.
#.#.###....# .. #.#.#
###..# ..#.# ....
#..... ..... ....#.
...... ##<.. .. ......


You could see an orc warrior, an orc priest and an orc wizard.

Vanquished Creatures
  A black bear (D:6)
  4 ogres
  2 centaurs
  The ghost of lis82 the Chopper, a weakling DgFi (D:3)
  2 crimson imps (D:5)
  A centaur zombie (D:5)
  A bullfrog zombie (D:5)
  3 orc priests
  An iguana (D:4)
  6 orc wizards
  A centaur skeleton (D:5)
  3 worker ants
  A big kobold zombie (Ossuary)
  8 mummies (Ossuary)
  4 gnolls (D:5)
  19 adders
  A shadow imp (D:6)
  An ooze (D:1)
  An adder skeleton (D:5)
  4 worms
  3 dart slugs
  4 leopard geckos
  21 orcs
  2 ball pythons
  6 giant cockroaches
  A gnoll zombie (Ossuary)
  7 goblins
  8 hobgoblins
  3 jackals (D:4)
  7 quokkas
  7 bats
  4 frilled lizards
  2 hobgoblin zombies (Ossuary)
  9 kobolds
  2 kobold zombies (Ossuary)
  2 orc zombies (Ossuary)
  A quokka skeleton (D:4)
  6 rats
160 creatures vanquished.

Notes
Turn   | Place    | Note
-------+----------+-------------------------------------------
     0 | D:1      | Pixllover the Minotaur Berserker began the quest for the
                  | Orb.
     0 | D:1      | Reached XP level 1. HP: 19/19 MP: 0/0
   184 | D:1      | Reached XP level 2. HP: 27/27 MP: 1/1
   595 | D:2      | Reached XP level 3. HP: 22/33 MP: 2/2
   655 | D:2      | Reached ** piety under Trog
   722 | D:2      | Reached XP level 4. HP: 27/41 MP: 3/3
   929 | D:2      | Reached skill level 5 in Axes
  1138 | D:2      | Reached XP level 5. HP: 46/47 MP: 4/4
  1345 | D:3      | Reached skill level 5 in Fighting
  1514 | D:3      | Found a large runed door.
  1514 | D:3      | Found a large runed door.
  1515 | D:3      | Noticed lis82's ghost (weakling DgFi)
  1522 | D:3      | Killed lis82's ghost
  1522 | D:3      | Reached XP level 6. HP: 41/56 MP: 5/5
  1653 | D:3      | Reached skill level 1 in Maces & Flails
  1764 | D:3      | Reached *** piety under Trog
  1764 | D:3      | Reached skill level 2 in Maces & Flails
  1906 | D:3      | Found an ancient bone altar of Kikubaaqudgha.
  1911 | D:3      | Found a glowing golden altar of the Shining One.
  1911 | D:3      | Found a stormy altar of Qazlal.
  1911 | D:3      | Found a burning altar of Makhleb.
  1911 | D:3      | Found a bloodstained altar of Trog.
  1914 | D:3      | Found an iron altar of Okawaru.
  1916 | D:3      | Found an ornate altar of the Wu Jian Council.
  2204 | D:4      | Reached skill level 3 in Maces & Flails
  2357 | D:4      | You fall through a shaft!
  2357 | D:5      | Entered Level 5 of the Dungeon
  2362 | D:5      | Reached XP level 7. HP: 56/61 MP: 6/6
  2454 | D:5      | Found a sand-covered staircase.
  2459 | Ossuary  | Entered an ossuary
  2486 | Ossuary  | Reached skill level 4 in Maces & Flails
  2523 | Ossuary  | Reached **** piety under Trog
  2886 | D:4      | Reached skill level 5 in Maces & Flails
  3294 | D:4      | Reached skill level 6 in Maces & Flails
  3548 | D:5      | Reached skill level 7 in Maces & Flails
  3611 | D:5      | Reached XP level 8. HP: 68/69 MP: 7/7
  3673 | D:5      | Gained mutation: You have a somewhat thin skeletal
                  | structure. (Dex +2, Stealth) [potion of mutation]
  3673 | D:5      | Gained mutation: You are partially covered in large bone
                  | plates. (SH +4) [potion of mutation]
  3673 | D:5      | Gained mutation: You are weak. (Str -2) [potion of
                  | mutation]
  3673 | D:5      | Gained mutation: You are partially covered in slimy green
                  | scales. (AC +2) [potion of mutation]
  3674 | D:5      | Lost mutation: You are weak. (Str -2) [potion of mutation]
  3674 | D:5      | Lost mutation: You are partially covered in large bone
                  | plates. (SH +4) [potion of mutation]
  3674 | D:5      | Gained mutation: You are surrounded by a mild repulsion
                  | field. (EV +2) [potion of mutation]
  3674 | D:5      | Gained mutation: You are clumsy. (Dex -2) [potion of
                  | mutation]
  3674 | D:5      | Gained mutation: You are covered in fur. (AC +1) [potion of
                  | mutation]
  4333 | D:5      | Reached skill level 5 in Armour
  4370 | D:5      | Reached skill level 8 in Maces & Flails
  4585 | D:6      | Got a scorched cloak
  4596 | D:6      | Identified the +2 cloak "Varei" {rPois rN+ Regen+ Int-2}
                  | (You found it on level 6 of the Dungeon)
  4679 | D:6      | Reached skill level 9 in Maces & Flails
  4691 | D:6      | Mangled by an orc warrior

Vault maps used:
D:1:      dpeg_arrival_erosion
D:2:      minmay_general_purpose_star
D:3:      minmay_recursive_quarters, minitemple, ebering_ghost_disaster_area
D:4:      first_ration, hangedman_decor_lopped
D:5:      serial_co_window_serial, co_window_paths_b,
          co_window_of_opportunity_a, co_window_paths_b, co_window_paths_b,
          co_window_paths_b, co_window_2corner, co_window_2corner,
          co_window_broadway_b, co_window_unsneaky_path_a, co_window_2corner,
          co_window_broadway_b, co_window_corner_b, glass_columns_a,
          glass_columns_a, glass_columns_b, glass_columns_a, glass_columns_a,
          enter_ossuary_5, minmay_between
Ossuary:  ossuary_tomb_3

Skill      XL: |  1  2  3  4  5  6  7  8 |
---------------+-------------------------+-----
Axes           | 4 5 |  5.8
Fighting       | 4 5 6 |  6.1
Armour         | 3 4 5 |  5.2
Dodging        | 3 4 |  4.0
Maces & Flails | 3 7 9 |  9.3
Stealth        | |  0.3

Action                   |  1- 3 |  4- 6 |  7- 9 || total
-------------------------+-------+-------+-------++-------
Melee: Hand axe          |    62 |    48 |       ||   110
       Headbutt          |     7 |    23 |    20 ||    50
       Morningstar       |       |   103 |   141 ||   244
  Use: Potion            |     1 |       |     8 ||     9
       Scroll            |       |     6 |     1 ||     7
  Eat: Chunk             |       |     5 |     4 ||     9
       Ration            |       |       |     1 ||     1
Armor: Plate armour      |    61 |       |       ||    61
       Ring mail         |     1 |    78 |    64 ||   143
Dodge: Dodged            |    33 |   103 |   104 ||   240

Table legend:
 A = Non-vault XP
 B = Vault XP
 C = Vault XP percentage of total XP
 D = Non-vault monster count
 E = Vault monster count
 F = Vault count percentage of total count
                 A         B        C        D         E       F
            +---------+---------+-------+---------+---------+-------
      Total |    1972 |     342 |  14.8 |     131 |      29 |  18.1
            +---------+---------+-------+---------+---------+-------
        D:1 |      34 |       0 |   0.0 |      16 |       0 |   0.0
        D:2 |     173 |      27 |  13.5 |      27 |       2 |   6.9
        D:3 |     264 |      76 |  22.4 |      31 |       7 |  18.4
        D:4 |     480 |       0 |   0.0 |      30 |       0 |   0.0
        D:5 |     531 |      63 |  10.6 |      16 |       4 |  20.0
        D:6 |     490 |       0 |   0.0 |      11 |       0 |   0.0
    Ossuary |       0 |     176 | 100.0 |       0 |      16 | 100.0
            +---------+---------+-------+---------+---------+-------
